 Dungeon Crawl Stone Soup version 0.29.1-12-g30fa7ad0bf (webtiles) character file.

Game seed: 11395350287178013597

18 wormed the Trooper (level 2, -4/24 HPs)
             Began as a Demonspawn Fighter on Dec 21, 2022.
             Slain by Terence
             ... wielding a +0 mace
              (8 damage)
             ... on level 2 of the Dungeon.
             The game lasted 00:01:22 (1139 turns).

wormed the Trooper (Demonspawn Fighter)             Turns: 1139, Time: 00:01:22

Health: -4/24      AC: 12    Str: 16    XL:     2   Next: 51%
Magic:  2/2        EV:  4    Int:  9    God:
Gold:   44         SH:  4    Dex: 12    Spells: 1/1 levels left

rFire   . . .      SeeInvis .   a - +0 flail
rCold   . . .      Faith    .   c - +0 buckler
rNeg    . . .      Spirit   .   h - +0 plate armour
rPois   .          Reflect  .   (helmet restricted)
rElec   .          Harm     .   (no cloak)
rCorr   .          Rampage  .   i - +0 pair of gloves
Will    .....                   (no boots)
Stlth   ..........              (no amulet)
HPRegen 0.08/turn               (no ring)
MPRegen 0.08/turn               (no ring)

@: mighty
A: antennae 1
a: no special abilities


You were on level 2 of the Dungeon.
You visited 1 branch of the dungeon, and saw 2 of its levels.

You collected 44 gold pieces.

Inventory:

Hand Weapons
 a - a +0 flail (weapon)
Armour
 c - a +0 buckler (worn)
 h - a +0 plate armour (worn)
 i - a +0 pair of gloves (worn)
Scrolls
 b - a scroll of blinking {unknown}
Potions
 e - a potion of heal wounds {unknown}
 g - a potion of resistance {unknown}


   Skills:
 + Level 3.1 Fighting
 * Level 2.2 Maces & Flails
 + Level 2.9 Armour
 + Level 2.9 Shields


You had one spell level left.
You didn't know any spells.
Your spell library was empty.

Dungeon Overview and Level Annotations

Branches:
Dungeon (2/15)

Altars:

Annotations:
D:2 Terence


Innate Abilities, Weirdness & Mutations

You have a pair of small antennae on your head.


Message History

Terence hits you with a +0 mace.
You hit Terence but do no damage.
Terence is moderately wounded.
Terence hits you with a +0 mace. Terence hits you but does no damage.
You hit Terence but do no damage.
Terence is moderately wounded.
Terence hits you with a +0 mace.
* * * LOW HITPOINT WARNING * * *
It was a potion of curing.
You feel better. You block Terence's attack.
You hit Terence.
Terence is moderately wounded.
Terence hits you with a +0 mace.
You barely miss Terence.
Terence is moderately wounded.
Terence hits you with a +0 mace.
* * * LOW HITPOINT WARNING * * *
Terence hits you but does no damage.
You feel better. Terence hits you but does no damage.
You feel very mighty all of a sudden. Terence hits you with a +0 mace.
You closely miss Terence.
Terence is moderately wounded.
You block Terence's attack.
You sock Terence!
Terence is heavily wounded.
Terence hits you with a +0 mace.
You closely miss Terence.
Terence is heavily wounded.
Terence hits you but does no damage. Terence hits you with a +0 mace.
* * * LOW HITPOINT WARNING * * *
You hit Terence but do no damage.
Terence is heavily wounded.
Terence barely misses you.
You hit Terence.
Terence is severely wounded.
Terence hits you but does no damage.
You barely miss Terence.
Terence is severely wounded.
Terence hits you but does no damage. Terence hits you with a +0 mace!
You die...

#.## ##.##
#######.# #..# #.#
#.# ##.# #.# #.#
#.# ##+# #.# #.#
##...# #.# ##.#
#.....# ###.# .#.#
.......## ##.#.##
...###
........####.....#
.....+
........@@.......#
...###
........####.....#
.#.# .......##
##.#.## ....#
#..?..# ###.#
....# ##...# #.#
.#..# ##+# #.#
....# .# .##.#


You could see Terence.

Vanquished Creatures
  5 bats (D:1)
  2 endoplasms (D:1)
  A goblin (D:1)
  3 hobgoblins (D:1)
  6 ball pythons
  A frilled lizard (D:1)
18 creatures vanquished.

Notes
Turn   | Place    | Note
-------+----------+-------------------------------------------
     0 | D:1      | wormed the Demonspawn Fighter began the quest for the Orb.
     0 | D:1      | Reached XP level 1. HP: 18/18 MP: 1/1
   187 | D:1      | Gained mutation: You have a pair of small antennae on your
                  | head. [demonic ancestry]
   187 | D:1      | Reached XP level 2. HP: 24/24 MP: 2/2
   494 | D:1      | Found a faded altar of an unknown god.
  1113 | D:2      | Noticed Terence
  1139 | D:2      | Slain by Terence

Illustrated notes

Levels and vault maps discovered:
D:1:      dpeg_arrival_water_temple_mockup, layout_basic,
          shapermc_ecumenical_altar_petra
D:2:      layout_loops_corners, st_stairs_4, solitary_fountain,
          lemuel_flame_loot_1, uniq_crazy_yiuf_cottage, uniq_terence

Skill      XL: |  1 |
---------------+----+-----
Maces & Flails | 2 |  2.2
Fighting       | |  3.1
Armour         | |  2.9
Shields        | |  2.9

Action                   || total
-------------------------++-------
Melee: Flail             ||    66
  Use: Potion            ||     3
Armor: Scale mail        ||    23
       Plate armour      ||    13
Dodge: Dodged            ||    29
Block: Buckler           ||    18
